 Dungeon Crawl Stone Soup version 0.27-a0-1591-gc56fcc985a (webtiles) character file.

Game seed: 13086776887774975279

92 Anon1729 the Insei (level 4, -3/35 HPs)
             Began as a Merfolk Monk on July 19, 2021.
             Slain by Natasha (5 damage)
             ... on level 2 of the Dungeon.
             The game lasted 00:01:45 (2026 turns).

Anon1729 the Insei (Merfolk Monk)                   Turns: 2026, Time: 00:01:46

Health: -3/35      AC:  2    Str: 11    XL:     4   Next: 60%
Magic:  4/4        EV: 13    Int: 10    God:
Gold:   113        SH:  0    Dex: 16    Spells: 3/3 levels left

rFire    . . .     SeeInvis .     - Unarmed
rCold    . . .     Faith    .   (no shield)
rNeg     . . .     Spirit   .   a - +0 robe
rPois    .         Reflect  .   (no helmet)
rElec    .         Harm     .   (no cloak)
rCorr    .         Rampage  .   (no gloves)
Will     .....                  (no boots)
Stlth    ++........             (no amulet)
HPRegen  0.11/turn              (no ring)
MPRegen  0.09/turn              (no ring)

@: attractive, hasted and slowed
A: (nimble swimmer 2), mertail
a: no special abilities


You were on level 2 of the Dungeon.
You visited 1 branch of the dungeon, and saw 2 of its levels.

You collected 113 gold pieces.

Inventory:

Armour
 a - a +0 robe (worn)
Jewellery
 e - an amulet of reflection
Scrolls
 b - a scroll of silence {unknown}
 c - a scroll of teleportation {unknown}
 f - 3 scrolls of identify {unknown}
Potions
 g - a potion of attraction


   Skills:
 - Level 3.2 Fighting
 - Level 4.0 Dodging
 - Level 2.1 Stealth
 + Level 5.7 Unarmed Combat


You had 3 spell levels left.
You didn't know any spells.
Your spell library contained the following spells:

 Spells                   Type           Power      Damage    Failure   Level
 Dispersal                Tloc           0%         N/A       100%        6
 Disjunction              Tloc           0%         N/A       100%        8


Dungeon Overview and Level Annotations

Branches:
Dungeon (2/15)

Altars:

Annotations:
D:2 Natasha


Innate Abilities, Weirdness & Mutations

((You are quick and stealthy near water. (Stealth+, EV+, Speed+++)))
Your lower body shifts to a powerful aquatic tail in water.


Message History

You are no longer poisoned.
The adder misses you. x2
Natasha mumbles some strange words.
You feel disoriented.
You hit the adder.
The adder is lightly wounded.
The crimson imp blinks!
The adder bites you but does no damage.
Natasha extends her claws.
You hit the adder.
The adder is moderately wounded.
The adder completely misses you. The crimson imp is pulled toward you!
You barely miss the adder. Your punch misses the adder.
The adder is moderately wounded.
The adder bites you.
* * * LOW HITPOINT WARNING * * *
You hit the adder. You punch the adder.
The adder is severely wounded.
The adder barely misses you.
The crimson imp blinks!
Natasha mumbles some strange words.
The crimson imp is pulled toward you!
You hit the adder.
The adder is severely wounded.
The adder bites you but does no damage.
You punch the adder!
You kill the adder!
The crimson imp lashes its tail.
The crimson imp is pulled toward you! x2
You barely miss Natasha.
Natasha casts a spell.
The crimson imp blinks!
You hit Natasha.
Natasha is lightly wounded.
Natasha casts a spell at you. The magic dart hits you.
* * * LOW HITPOINT WARNING * * *
You hit Natasha.
Natasha is heavily wounded.
The white imp hits you but does no damage.
Natasha claws you.
You die...

######'###.# ....#.##
#.......#.#### ## #......#
#.......#....# ..### #......#
#.......####.# #..h.##......
#.......# #.# ............
#.......# #.# ..........#+#
#.......# #.#
..........#.#####.......####.#
. #.........5h@5.#+#......#.#
.....#..#...#####.#.######.#.#
............#..............#.#
.#.####†##..#.....#+########.#
....#..#####.......# #.#
###..#.......)......# #.#
#..#......#.......# #.# .#
#######......#.......####.#
#.#.#............+............#


You could see Natasha, a crimson imp (summoned) and a white imp (summoned).

Vanquished Creatures
  Natasha (D:2)
  3 adders (D:2)
  2 worms (D:2)
  4 bats
  2 endoplasms
  2 giant cockroaches
  2 goblins
  6 hobgoblins
  2 quokkas
  4 ball pythons (D:1)
  3 kobolds
  5 rats
36 creatures vanquished.

Notes
Turn   | Place    | Note
-------+----------+-------------------------------------------
     0 | D:1      | Anon1729 the Merfolk Monk began the quest for the Orb.
     0 | D:1      | Reached XP level 1. HP: 18/18 MP: 1/1
   263 | D:1      | Reached XP level 2. HP: 24/24 MP: 2/2
   328 | D:1      | Reached skill level 4 in Unarmed Combat
   832 | D:2      | Reached XP level 3. HP: 23/29 MP: 3/3
  1517 | D:2      | Reached skill level 5 in Unarmed Combat
  1882 | D:2      | Reached XP level 4. HP: 34/35 MP: 4/4
  1968 | D:2      | Noticed Natasha
  1982 | D:2      | Killed Natasha
  2004 | D:2      | Noticed Natasha
  2026 | D:2      | Slain by Natasha

Illustrated notes

Levels and vault maps discovered:
D:1:      lightli_arrival_noodles, layout_loops_ring, minmay_unequal
D:2:      layout_basic, ebering_ecumenical_altar_box, uniq_natasha, uniq_sigmund

Skill      XL: |  1  2  3 |
---------------+----------+-----
Unarmed Combat | 4 5 |  5.7
Fighting       | |  3.2
Dodging        | |  4.0
Stealth        | |  2.1

Action                   |  1- 3 |  4- 6 || total
-------------------------+-------+-------++-------
Melee: Unarmed           |   102 |    21 ||   123
       Punch             |     3 |     1 ||     4
  Use: Potion            |       |     3 ||     3
 Stab: Sleeping          |     7 |       ||     7
Armor: Robe              |    16 |     7 ||    23
Dodge: Dodged            |    57 |    17 ||    74

Table legend: (Time is in decaauts)
 A = Elapsed time spent in this place.
 B = Non-inter-level travel time spent in this place.
 C = Inter-level travel time spent in this place.
 D = Time resting spent in this place.
 E = Time spent auto-exploring this place.
 F = Levels seen in this place.
 G = Mean time per level.
                   A        B        C        D        E       F      G
               +--------+--------+--------+--------+--------+-----+--------+
         Total |   2019 |   1998 |     21 |    228 |   1498 |   2 | 1009.5 |
       Dungeon |   2019 |   1998 |     21 |    228 |   1498 |   2 | 1009.5 |
               +--------+--------+--------+--------+--------+-----+--------+

Top non-repeatable levels by time:
     D:2: 1202 daAuts
     D:1: 817 daAuts
